 Dungeon Crawl Stone Soup version 0.30-a0-989-g0d87f670db (webtiles) character file.

Game seed: 13612832545432175692

93 jtron the Stinger (level 4, 0/31 HPs)
             Began as a Demonspawn Wanderer on Apr 3, 2023.
             Slain by an orc
             ... wielding a +0 club
              (2 damage)
             ... on level 2 of the Dungeon.
             The game lasted 00:05:41 (1701 turns).

jtron the Stinger (Demonspawn Wanderer)             Turns: 1701, Time: 00:05:42

Health: 0/31       AC:  2    Str: 18    XL:     4   Next: 37%
Magic:  17/17      EV: 11    Int: 16    God:
Gold:   42         SH:  0    Dex: 12    Spells: 7/9 levels left

rFire   . . .      SeeInvis .    a - +5 dagger (speed)
rCold   . . .      Faith    .    (no shield)
rNeg    . . .      Spirit   .    t - +0 robe
rPois   .          Reflect  .    (helmet restricted)
rElec   .          Rampage  .    (no cloak)
rCorr   .                        (no gloves)
Will    .....                    (no boots)
Stlth   +                        (no amulet)
HPRegen 0.25/turn                d - ring of magical power
MPRegen 0.15/turn                i - +6 ring of strength

@: attractive
A: antennae 1, hooves 1, weakness stinger 1, sense surroundings 1, subdued magic
1
a: no special abilities


You were on level 2 of the Dungeon.
You visited 1 branch of the dungeon, and saw 2 of its levels.

You collected 42 gold pieces.

Inventory:

Hand Weapons
 a - a +5 dagger of speed (weapon)
 b - a +0 sling
 f - a +0 club
 n - a +0 dagger of flaming
Missiles
 k - 5 javelins
 l - 34 stones
Armour
 c - a +0 ring mail
 t - a +0 robe (worn)
Jewellery
 d - a ring of magical power (left hand)
 i - a +6 ring of strength (right hand)
Wands
 p - a wand of flame (9)
Scrolls
 e - a scroll of fog {unknown}
 g - a scroll of torment {unknown}
 h - a scroll of fear
 j - 2 scrolls of identify {unknown}
 m - a scroll of silence {unknown}
 r - a scroll of magic mapping {unknown}
 s - a scroll of teleportation {unknown}
Potions
 o - a potion of degeneration {unknown}
 q - 2 potions of attraction


   Skills:
 + Level 0.4 Fighting
 * Level 0.7 Short Blades
 + Level 1.4 Ranged Weapons
 - Level 2.6 Armour
 + Level 1.1 Dodging
 + Level 0.3 Stealth
 * Level 3.0 Spellcasting
 * Level 0.5 Conjurations
 + Level 1.2 Necromancy
 + Level 1.0 Transmutations
 * Level 0.4 Air Magic
 + Level 3.0 Poison Magic


You had 7 spell levels left.
You knew the following spells:

 Your Spells              Type           Power      Damage    Failure   Level
a - Sting                 Tmut/Pois      24%        1d4       7%          1
b - Necrotise             Necr           16%        1d4       10%         1

Your spell library contained the following spells:

 Spells                   Type           Power      Damage    Failure   Level
 Poisonous Vapours        Pois/Air       12%        N/A       12%         2
 Cigotuvi's Dreadful Rot  Necr/Pois/Air  10%        N/A       13%         2
 Spider Form              Tmut/Pois      6%         N/A       21%         3
 Ignite Poison            Fire/Tmut/Pois 5%         N/A       28%         3
 Mephitic Cloud           Conj/Pois/Air  5%         N/A       28%         3
 Vampiric Draining        Necr           4%         2d6       30%         3
 Kindle Blastsparks       Fire/Tloc/Air  4%         2d10      43%         3
 Olgreb's Toxic Radiance  Pois           9%         N/A       43%         4
 Freezing Cloud           Conj/Ice/Air   1%         6-21      99%         5
 Eringya's Noxious Bog    Tmut/Pois      3%         N/A       100%        6


Dungeon Overview and Level Annotations

Branches:
Dungeon (2/15)

Altars:


Innate Abilities, Weirdness & Mutations

You have a pair of small antennae on your head.
You have large cloven feet.
You have a small tail.
You passively map a small area around you.
Your spells are a little easier to cast, but a little less powerful.


Message History

You swap places.
Something hits you.
You see here a +0 whip.
Something completely misses you.
You closely miss something. Your kick misses something.
You tail-slap something. You miss something. Your kick misses something.
You hear some strange, mumbled words.
You are confused.
Are you sure you want to stumble around while confused and next to your frilled lizard skeleton?
Okay, then.
It was a potion of attraction.
You feel attractive to monsters. Something hits you.
It was a potion of ambrosia.
You are more confused.
You feel invigorated. Something hits you. The orc is attracted toward you.
Something hits you. The orc hits you with a +0 club. Something hits you.
The orc hits you with a +0 club. The orc barely misses you.
You hear some strange, mumbled words.
A magic dart appears from out of thin air!
The magic dart hits you.
You feel less invigorated.
Your frilled lizard skeleton crumbles into dust!
The orc closely misses you. Something hits you. The orc barely misses you.
Something hits you but does no damage. Something hits you.
The orc hits you with a +0 club. The orc closely misses you.
You hear some strange, mumbled words.
A magic dart appears from out of thin air!
The magic dart hits you! The orc barely misses you. Something hits you.
* * * LOW HITPOINT WARNING * * *
You feel less confused. Something hits you.
* * * LOW HITPOINT WARNING * * *
The orc hits you with a +0 club.
* * * LOW HITPOINT WARNING * * *
The orc attacks as you move away! The orc hits you with a +0 club.
You die...

........# *#.... * #
##...#..####...... # #
#####............. #.#
...##....###.###.# *
#.# ##.##..#)# #.# #.#
* #.. #.##..#)# #.# #.#
* * ### #.##..#.# #.#
#.# * #
#.##..#.###.###{###.# #
#.##..#.#.....)@o...# *
*#
#.##........###......>.
, . #.#####.#####
########. *# #.# ...# ,
* # #.### ** , . * * #.
* * * # * * * ,


You could see an orc.

Vanquished Creatures
  An orc priest (D:2)
  Terence (D:2)
  A worm (D:2)
  2 orcs (D:2)
  A ball python (D:1)
  4 endoplasms (D:1)
  2 giant cockroaches
  3 goblins
  2 hobgoblins
  4 kobolds
  2 quokkas (D:1)
  4 bats
  A frilled lizard (D:2)
  3 rats (D:1)
31 creatures vanquished.

Notes
Turn   | Place    | Note
-------+----------+-------------------------------------------
     0 | D:1      | jtron the Demonspawn Wanderer began the quest for the Orb.
     0 | D:1      | jtron set off with the following items: a +0 club, a scroll
                  | of fear, a +0 ring mail; and the following spells available
                  | to memorise: Sting, Necrotise, Spider Form, Vampiric
                  | Draining, Olgreb's Toxic Radiance.
     0 | D:1      | Reached XP level 1. HP: 13/13 MP: 3/3
     2 | D:1      | Learned a level 1 spell: Sting
     4 | D:1      | Learned a level 1 spell: Necrotise
   474 | D:1      | Got Iptidgh's Book of Envenoming
   557 | D:1      | Discovered your monstrous ancestry.
   557 | D:1      | Gained mutation: You have a pair of small antennae on your
                  | head. [demonic ancestry]
   557 | D:1      | Reached XP level 2. HP: 18/19 MP: 5/5
   757 | D:1      | Gained mutation: Your spells are a little easier to cast,
                  | but a little less powerful. [potion of mutation]
   757 | D:1      | Gained mutation: You passively map a small area around you.
                  | [potion of mutation]
  1204 | D:2      | Gained mutation: You have a small tail. [demonic ancestry]
  1204 | D:2      | Reached XP level 3. HP: 20/24 MP: 7/7
  1263 | D:2      | Noticed Terence
  1272 | D:2      | Killed Terence
  1273 | D:2      | Reached skill level 1 in Ranged Weapons
  1273 | D:2      | Reached skill level 1 in Transmutations
  1662 | D:2      | Gained mutation: You have large cloven feet. [demonic
                  | ancestry]
  1662 | D:2      | Reached XP level 4. HP: 28/31 MP: 8/8
  1701 | D:2      | Slain by an orc

Illustrated notes

Levels and vault maps discovered:
D:1:      saegor_arrival_under_anarchy, layout_basic, st_stairs_6
D:2:      layout_loops_ring, uniq_terence

Skill      XL: |  1  2  3 |
---------------+----------+-----
Ranged Weapons | 1 |  1.4
Transmutations | 1 |  1.0
Spellcasting   | 3 |  3.0
Fighting       | |  0.4
Short Blades   | |  0.7
Armour         | |  2.6
Dodging        | |  1.1
Stealth        | |  0.3
Conjurations   | |  0.5
Necromancy     | |  1.2
Air Magic      | |  0.4
Poison Magic   | |  3.0

Action                     |  1- 3 |  4- 6 || total
---------------------------+-------+-------++-------
  Melee: Club              |    39 |       ||    39
         Punch             |     1 |       ||     1
         Dagger            |    32 |     2 ||    34
         Tailslap          |     6 |     1 ||     7
   Fire: Sling             |    31 |       ||    31
   Cast: Sting             |    10 |     1 ||    11
         Necrotise         |     6 |     1 ||     7
    Use: Potion            |     2 |     2 ||     4
 Armour: Ring mail         |    35 |       ||    35
         Robe              |     1 |     1 ||     2
  Dodge: Dodged            |    65 |     6 ||    71

Table legend: (Time is in decaauts)
 A = Elapsed time spent in this place.
 B = Non-inter-level travel time spent in this place.
 C = Inter-level travel time spent in this place.
 D = Time resting spent in this place.
 E = Time spent auto-exploring this place.
 F = Levels seen in this place.
 G = Mean time per level.
                   A        B        C        D        E       F      G
               +--------+--------+--------+--------+--------+-----+--------+
         Total |   1712 |   1626 |     86 |    136 |   1159 |   2 |  856.0 |
       Dungeon |   1712 |   1626 |     86 |    136 |   1159 |   2 |  856.0 |
               +--------+--------+--------+--------+--------+-----+--------+

Top non-repeatable levels by time:
     D:1: 1176 daAuts
     D:2: 536 daAuts
